 Dungeon Crawl Stone Soup version 0.27.0-1-g7a089689b8 (webtiles) character file.

Game seed: 362667343392516330

927 shadowrider38 the Fighter (level 8, -6/71 HPs)
             Began as a Gnoll Wanderer on Aug 11, 2021.
             Was a Believer of Trog.
             Mangled by an unseen horror (7 damage)
             ... on level 4 of the Dungeon.
             The game lasted 00:09:42 (6261 turns).

shadowrider38 the Fighter (Gnoll Wanderer)          Turns: 6261, Time: 00:09:43

Health: -6/71      AC: 10    Str: 14    XL:     8   Next: 10%
Magic:  12/12      EV:  7    Int: 11    God:    Trog [**....]
Gold:   263        SH:  0    Dex: 12    Spells: 13/13 levels left

rFire    . . .     SeeInvis .   a - +2 spear
rCold    . . .     Faith    .   (no shield)
rNeg     . . .     Spirit   .   j - +0 chain mail
rPois    .         Reflect  .   (no helmet)
rElec    .         Harm     .   (no cloak)
rCorr    .         Rampage  .   (no gloves)
Will     ++...                  (no boots)
Stlth    ..........             (no amulet)
HPRegen  1.21/turn              (no ring)
MPRegen  0.13/turn              (no ring)

@: strong-willed, on berserk cooldown, regenerating, slowed, very slow
A: fangs 1, strong nose, distributed training
a: Renounce Religion, Berserk, Trog's Hand


You were on level 4 of the Dungeon.
You worshipped Trog.
Trog was pleased with you.
You visited 1 branch of the dungeon, and saw 5 of its levels.

You collected 263 gold pieces.

Inventory:

Hand Weapons
 a - a +2 spear (weapon)
Missiles
 q - a throwing net (quivered)
Armour
 j - a +0 chain mail (worn)
Scrolls
 f - a scroll of amnesia {unknown}
 i - 2 scrolls of teleportation {unknown}
 k - a scroll of immolation {unknown}
 m - 2 scrolls of vulnerability {unknown}
 r - a scroll of noise
Potions
 b - 2 potions of brilliance {unknown}
 c - a potion of curing
 e - 2 potions of attraction {unknown}
 g - a potion of mutation
 h - a potion of invisibility
 l - a potion of might {unknown}
 n - 3 potions of haste {unknown}
 o - a potion of heal wounds {unknown}
 p - a potion of flight
 s - a potion of lignification {unknown}


   Skills:
 + Level 9.1 Fighting
 + Level 3.0 Short Blades
 + Level 3.0 Long Blades
 + Level 3.0 Axes
 + Level 3.0 Maces & Flails
 + Level 3.0 Polearms
 + Level 3.0 Staves
 + Level 3.0 Slings
 + Level 3.0 Bows
 + Level 3.0 Crossbows
 + Level 3.0 Throwing
 + Level 7.2 Armour
 + Level 3.0 Dodging
 + Level 3.8 Stealth
 + Level 4.0 Shields
 + Level 3.0 Unarmed Combat
 + Level 3.0 Spellcasting
 + Level 2.4 Conjurations
 + Level 2.4 Hexes
 + Level 2.4 Summonings
 + Level 2.4 Necromancy
 + Level 2.4 Translocations
 + Level 2.4 Transmutations
 + Level 2.4 Fire Magic
 + Level 2.4 Ice Magic
 + Level 2.4 Air Magic
 + Level 2.4 Earth Magic
 + Level 2.4 Poison Magic
 + Level 3.2 Invocations
 + Level 4.0 Evocations


You had 13 spell levels left.
You didn't know any spells.
Your spell library was empty.

Dungeon Overview and Level Annotations

Branches:
Dungeon (5/15)
 Temple: D:4-7

Altars:
Elyvilon
Sif Muna
Trog
Uskayaw
Wu Jian
Xom
Yredelemnul


Innate Abilities, Weirdness & Mutations

You have very sharp teeth.
Your uncanny sense of smell can sniff out nearby items.
Your experience applies equally to all skills.


Message History

Your chain mail prevents you from hitting something.
Something hits you but does no damage. Something hits you.
* * * LOW HITPOINT WARNING * * *
You miss something. Something hits you but does no damage.
You swing at nothing.
Something hits you but does no damage.
Your chain mail prevents you from hitting something.
Something hits you but does no damage.
You swing at nothing.
You are no longer berserk.
You are exhausted.
You feel yourself slow down.
You barely miss something. You bite something.
Something hits you but does no damage.
You hit something. Something hits you but does no damage.
You swing at nothing.
Something hits you.
* * * LOW HITPOINT WARNING * * *
Something hits you but does no damage.
You hit something. You bite something. Something hits you but does no damage.
Something hits you.
* * * LOW HITPOINT WARNING * * *
Something hits you.
* * * LOW HITPOINT WARNING * * *
Your skin crawls.
You feel strong-willed. Something hits you!
* * * LOW HITPOINT WARNING * * *
You swing at nothing.
Something hits you but does no damage.
You feel better. Something hits you but does no damage. Something hits you.
* * * LOW HITPOINT WARNING * * *
You closely miss something. Something hits you.
* * * LOW HITPOINT WARNING * * *
Something hits you.
* * * LOW HITPOINT WARNING * * *
Something hits you.
* * * LOW HITPOINT WARNING * * *
There is an open door, spattered with blood here.
Something hits you.
* * * LOW HITPOINT WARNING * * *
Something hits you!
You die...

#.####.........############
#.##.######.##.# #....#
#.##.#
#####.######....#######
#.....................#
#.....####............# #
#.....'...............######
#.....#####.>.........+....#
#.....# #.<@.[........####.#
#.....###.##'####'##### #.#
#.....'...##.# #.# #.#
#.....######'## #.# #.#
#.....# #.....# #.###### #..
#.....# #.....# #.#....# ##.
#.....###.....# #.#.##.####.
####....'.....# #.#..#.#....
##'####.....###'#.......(.


There were no monsters in sight!

Vanquished Creatures
  A necrophage (D:4)
  3 ogres
  2 scorpions
  A bullfrog zombie (D:5)
  A centaur zombie (D:5)
  A hound (D:4)
  Terence (D:2)
  3 iguanas
  Natasha (thrice) (D:3)
  An orc wizard (D:4)
  A hound skeleton (D:4)
  3 gnolls (D:3)
  5 adders
  A worm (D:5)
  A dart slug (D:1)
  7 orcs
  13 ball pythons
  6 bats
  7 endoplasms
  2 giant cockroaches
  8 goblins
  11 hobgoblins
  5 jackals
  A quokka (D:4)
  A frilled lizard (D:1)
  6 kobolds
  3 rats
98 creatures vanquished.

Vanquished Creatures (others)
  A fungus (D:1)
1 creature vanquished.

Grand Total: 99 creatures vanquished

Notes
Turn   | Place    | Note
-------+----------+-------------------------------------------
     0 | D:1      | shadowrider38 the Gnoll Wanderer began the quest for the
                  | Orb.
     0 | D:1      | shadowrider38 set off with the following items: a +2 spear,
                  | a +0 ring mail, a potion of curing
     0 | D:1      | Reached XP level 1. HP: 26/26 MP: 1/1
   110 | D:1      | Reached XP level 2. HP: 29/33 MP: 2/2
   510 | D:1      | Reached XP level 3. HP: 38/38 MP: 3/3
   804 | D:1      | Found a faded altar of an unknown god.
   909 | D:1      | Became a worshipper of Trog the Wrathful
   909 | D:1      | Reached * piety under Trog
   975 | D:2      | Reached skill level 1 in Invocations
  1181 | D:2      | Reached skill level 1 in Short Blades
  1181 | D:2      | Reached skill level 1 in Long Blades
  1181 | D:2      | Reached skill level 1 in Axes
  1181 | D:2      | Reached skill level 1 in Maces & Flails
  1181 | D:2      | Reached skill level 1 in Polearms
  1181 | D:2      | Reached skill level 1 in Staves
  1181 | D:2      | Reached skill level 1 in Slings
  1181 | D:2      | Reached skill level 1 in Bows
  1181 | D:2      | Reached skill level 1 in Crossbows
  1181 | D:2      | Reached skill level 1 in Throwing
  1181 | D:2      | Reached skill level 1 in Dodging
  1181 | D:2      | Reached skill level 1 in Unarmed Combat
  1181 | D:2      | Reached skill level 1 in Spellcasting
  1317 | D:2      | Reached XP level 4. HP: 45/45 MP: 5/5
  1707 | D:2      | Noticed Terence
  1723 | D:2      | Killed Terence
  1724 | D:2      | Reached skill level 1 in Conjurations
  1724 | D:2      | Reached skill level 1 in Hexes
  1724 | D:2      | Reached skill level 1 in Summonings
  1724 | D:2      | Reached skill level 1 in Necromancy
  1724 | D:2      | Reached skill level 1 in Translocations
  1724 | D:2      | Reached skill level 1 in Transmutations
  1724 | D:2      | Reached skill level 1 in Fire Magic
  1724 | D:2      | Reached skill level 1 in Ice Magic
  1724 | D:2      | Reached skill level 1 in Air Magic
  1724 | D:2      | Reached skill level 1 in Earth Magic
  1724 | D:2      | Reached skill level 1 in Poison Magic
  2084 | D:3      | Noticed Natasha
  2094 | D:3      | Killed Natasha
  2094 | D:3      | Reached ** piety under Trog
  2095 | D:3      | Reached XP level 5. HP: 51/51 MP: 5/7
  2222 | D:3      | Found a hide-covered altar of Uskayaw.
  2222 | D:3      | Found a shimmering blue altar of Sif Muna.
  2333 | D:3      | Noticed Natasha
  2367 | D:3      | Killed Natasha
  2497 | D:3      | Noticed Natasha
  2527 | D:3      | Killed Natasha
  3029 | D:3      | Reached XP level 6. HP: 57/57 MP: 8/8
  3158 | D:4      | Found a shimmering altar of Xom.
  3159 | D:4      | Found an ornate altar of the Wu Jian Council.
  3161 | D:4      | Found a basalt altar of Yredelemnul.
  3498 | D:4      | Noticed a necrophage
  3541 | D:4      | Killed a necrophage
  3542 | D:4      | Reached XP level 7. HP: 56/63 MP: 10/10
  3923 | D:4      | Found a white marble altar of Elyvilon.
  4630 | D:5      | Entered Level 5 of the Dungeon
  5462 | D:5      | Reached skill level 9 in Fighting
  5898 | D:5      | Reached XP level 8. HP: 71/71 MP: 12/12
  6256 | D:4      | HP: 2/71 [something (7)]
  6261 | D:4      | HP: 1/71 [something (6)]
  6261 | D:4      | Mangled by an unseen horror

Illustrated notes

Levels and vault maps discovered:
D:1:      scummos_arrival_hexagon, layout_basic,
          shapermc_ecumenical_altar_acropolis
D:2:      layout_basic, serial_corexii_hall, corexii_hall_statues_deadend,
          corexii_hall_statues_u, chequers_hall_statues_wall_a,
          corexii_hall_statues_x, corexii_hall_statues_x,
          chequers_hall_statues_wall_a, st_stairs_12, minmay_bisected,
          uniq_terence
D:3:      layout_basic, amethyst_overflow_temple_binary, uniq_natasha
D:4:      layout_basic, marbit_many_paths, grunt_temple_overflow_open
D:5:      layout_rooms, uniq_prince_ribbit1

Skill      XL: |  1  2  3  4  5  6  7  8 |
---------------+-------------------------+-----
Invocations    | 1 2 3 |  3.2
Short Blades   | 1 2 3 |  3.0
Long Blades    | 1 2 3 |  3.0
Axes           | 1 2 3 |  3.0
Maces & Flails | 1 2 3 |  3.0
Polearms       | 1 2 3 |  3.0
Staves         | 1 2 3 |  3.0
Slings         | 1 2 3 |  3.0
Bows           | 1 2 3 |  3.0
Crossbows      | 1 2 3 |  3.0
Throwing       | 1 2 3 |  3.0
Dodging        | 1 2 3 |  3.0
Unarmed Combat | 1 2 3 |  3.0
Spellcasting   | 1 2 3 |  3.0
Conjurations   | 1 2 |  2.4
Hexes          | 1 2 |  2.4
Summonings     | 1 2 |  2.4
Necromancy     | 1 2 |  2.4
Translocations | 1 2 |  2.4
Transmutations | 1 2 |  2.4
Fire Magic     | 1 2 |  2.4
Ice Magic      | 1 2 |  2.4
Air Magic      | 1 2 |  2.4
Earth Magic    | 1 2 |  2.4
Poison Magic   | 1 2 |  2.4
Shields        | 3 4 |  4.0
Evocations     | 3 4 |  4.0
Stealth        | 3 |  3.8
Armour         | 7 |  7.2
Fighting       | 9 |  9.1

Action                   |  1- 3 |  4- 6 |  7- 9 || total
-------------------------+-------+-------+-------++-------
Melee: Spear             |   111 |   118 |   153 ||   382
       Bite              |     6 |     8 |    16 ||    30
       Punch             |       |     1 |     1 ||     2
Invok: Berserk           |     2 |     6 |     7 ||    15
       Trog's Hand       |       |       |     1 ||     1
  Use: Scroll            |       |       |     4 ||     4
       Potion            |       |       |     1 ||     1
 Stab: Sleeping          |     1 |     1 |       ||     2
Armor: Ring mail         |    44 |     2 |       ||    46
       Chain mail        |       |    62 |   127 ||   189
Dodge: Dodged            |    68 |    41 |    45 ||   154
